 Dungeon Crawl Stone Soup version 0.21-a0-522-ga8338f0 (webtiles) character file.

110 Dawnplanks the Skirmisher (level 4, 16/41 HPs)
             Began as a Hill Orc Fighter on Dec 6, 2017.
             Quit the game on level 6 of the Dungeon.
             The game lasted 00:03:06 (1761 turns).

Dawnplanks the Skirmisher (Hill Orc Fighter)        Turns: 1761, Time: 00:03:06

Health: 16/41      AC:  7    Str: 25    XL:     4   Next: 91%
Magic:  4/4        EV:  7    Int:  8    God:
Gold:   105        SH: 10    Dex: 10    Spells: 3/3 levels left

rFire    . . .     SeeInvis .   a - +0 war axe
rCold    . . .     Gourm    .   c - +0 shield
rNeg     . . .     Faith    .   b - +0 scale mail
rPois    .         Spirit   .   (no helmet)
rElec    .         Reflect  .   (no cloak)
rCorr    .         Harm     .   (no gloves)
MR       .....                  (no boots)
Stlth    ..........             (no amulet)
HPRegen  0.13/turn              m - +2 ring of strength
MPRegen  0.09/turn              l - +4 ring of strength

@: no status effects
A: no striking features
a: no special abilities


You were on level 6 of the Dungeon.
You were not hungry.

You visited 1 branch of the dungeon, and saw 4 of its levels.

You collected 105 gold pieces.

Inventory:

Hand Weapons
 a - a +0 war axe (weapon)
Armour
 b - a +0 scale mail (worn)
 c - a +0 shield (worn)
Jewellery
 k - an uncursed ring of protection from cold
 l - a +4 ring of strength (right hand)
 m - a +2 ring of strength (left hand)
 s - an uncursed ring of see invisible
Scrolls
 e - 5 scrolls of identify {unknown}
 j - 2 scrolls of remove curse {unknown}
 q - a scroll of enchant weapon {unknown}
 r - a scroll of blinking {unknown}
Potions
 d - 2 potions of might
 h - a potion of haste {unknown}
 n - 2 potions of agility {unknown}
 p - 2 potions of curing {unknown}
 u - a potion of degeneration {unknown}
 v - a potion of brilliance {unknown}
Books
 i - a book of Maledictions

   Spells                             Type                      Level
   a - Corona                         Hexes                        1
   b - Ensorcelled Hibernation        Hexes/Ice                    2
   c - Confuse                        Hexes                        3
   d - Tukima's Dance                 Hexes                        3
   e - Dazzling Spray                 Conjuration/Hexes            3
Comestibles
 f - 3 bread rations
 g - 2 royal jellies
 o - 3 meat rations
 t - a chunk of flesh


   Skills:
 + Level 4.4 Fighting
 + Level 4.2 Axes
 + Level 3.9 Armour
 + Level 0.2 Dodging
 + Level 4.1 Shields


You had 3 spell levels left.
You didn't know any spells.

Dungeon Overview and Level Annotations

Branches:
Dungeon (3/15)

Altars:

Annotations:
D:6 Dowan; kamak's ghost, novice SpVM


Message History

A crimson imp comes into view.
The crimson imp shouts!
The crimson imp blinks!
The giant cockroach barely misses you. You block the giant cockroach's attack.
The adder closely misses you.
Found a stone staircase leading down.
Kamak's ghost (novice Spriggan Venom Mage) comes into view.
The howler monkey hoots and howls with incredible vigour!
Found a fizzy white potion.
Dowan casts a spell.
Dowan blinks!
The crimson imp blinks!
Found a scroll labeled HUGRYU KEWAUC.
The howler monkey hoots and howls with incredible vigour!
You see here a scroll labeled HUGRYU KEWAUC.
The howler monkey hits you.
Dowan gestures wildly while chanting.
Dowan blinks!
Are you sure you want to abandon this character and quit the game? (Confirm with "yes".)

############
########.....?......
#........###....$...
#........##.........
#...................
#........##.........
#..@..e..###5.......
#..h.....# #........
#....s...# #.o......
##....S..# #....W...
#.......# #........
#.......# #..o.....
#######§###...§....
#>...Oe......
#####........


You could see Dowan, a howler monkey, an adder and a giant cockroach.

Vanquished Creatures
  A hound (D:2)
  4 adders (D:2)
  2 dart slugs (D:1)
  A leopard gecko (D:1)
  2 orcs
  2 giant cockroaches (D:2)
  7 hobgoblins
  5 jackals
  2 kobolds
  2 quokkas
  3 bats
  3 frilled lizards
  A goblin (D:2)
  3 rats
38 creatures vanquished.

Notes
Turn   | Place    | Note
-------+----------+-------------------------------------------
     0 | D:1      | Dawnplanks the Hill Orc Fighter began the quest for the Orb.
     0 | D:1      | Reached XP level 1. HP: 19/19 MP: 1/1
   253 | D:1      | Reached XP level 2. HP: 24/27 MP: 2/2
   872 | D:2      | Reached XP level 3. HP: 25/33 MP: 3/3
  1156 | D:2      | Reached XP level 4. HP: 23/40 MP: 4/4
  1713 | D:3      | You fall through a shaft for 3 floors!
  1713 | D:6      | Noticed an ogre
  1745 | D:6      | Noticed Dowan
  1751 | D:6      | Noticed kamak's ghost (novice SpVM)
  1761 | D:6      | Quit the game

Vault maps used:
D:1:      onia_arrival_pyramid
D:2:      serial_bayou_pond_d, grunt_ministairs_15
D:3:      gammafunk_temple_overflow_forgotten, okawaru_metal_pillars_1_2,
          uniq_ijyb, uniq_grinder
D:6:      fedhas_altar_decomposition, uniq_sigmund, uniq_duvessa

Skill      XL: |  1  2  3  4 |
---------------+-------------+-----
Fighting       | 4 |  4.4
Axes           | 3 4 |  4.2
Shields        | 4 |  4.1
Armour         | |  3.9
Dodging        | |  0.2

Action                   |  1- 3 |  4- 6 || total
-------------------------+-------+-------++-------
Melee: War axe           |    76 |    21 ||    97
  Eat: Chunk             |     1 |     2 ||     3
Armor: Scale mail        |    56 |    10 ||    66
Dodge: Dodged            |    39 |     8 ||    47
Block: Shield            |    42 |    20 ||    62

Table legend:
 A = Spawn XP
 B = Non-spawn XP
 C = Spawn XP percentage of total XP
 D = Spawn monster count
 E = Non-spawn monster count
 F = Spawn count percentage of total count
 G = Total turns spent on level
                    A         B        C        D         E        F      G
               +---------+---------+-------+---------+---------+-------+---------
         Total |       0 |     158 |   0.0 |       0 |      38 |   0.0 |  1761
               +---------+---------+-------+---------+---------+-------+---------
           D:1 |       0 |      26 |   0.0 |       0 |      12 |   0.0 |   830
           D:2 |       0 |     124 |   0.0 |       0 |      22 |   0.0 |   826
           D:3 |       0 |       5 |   0.0 |       0 |       3 |   0.0 |    57
           D:6 |       0 |       3 |   0.0 |       0 |       1 |   0.0 |    48
               +---------+---------+-------+---------+---------+-------+---------
